 Dungeon Crawl Stone Soup version 0.30-a0-743-gbfdf073431 (webtiles) character file.

Game seed: 17853434800295554982

98 Rrauwl the Poker (level 5, -2/41 HPs)
             Began as a Human Chaos Knight on Feb 5, 2023.
             Was a Plaything of Xom.
             Engulfed by a death drake (shapeshifter)'s foul pestilence (7 damage)
             ... on level 2 of the Dungeon.
             The game lasted 00:06:19 (2285 turns).

Rrauwl the Poker (Human Chaos Knight)               Turns: 2285, Time: 00:06:19

Health: -2/41      AC:  7    Str: 14    XL:     5   Next: 0%
Magic:  5/5        EV: 11    Int: 12    God:    Xom [..*...]
Gold:   110        SH:  0    Dex: 13    Spells: 4/4 levels left

rFire   . . .      SeeInvis .    a - +0 spear (chaos)
rCold   . . .      Faith    .    (no shield)
rNeg    . . .      Spirit   .    b - +3 leather armour
rPois   .          Reflect  .    (no helmet)
rElec   .          Harm     .    (no cloak)
rCorr   .          Rampage  .    i - +0 pair of gloves
Will    .....                    (no boots)
Stlth   +                        (no amulet)
HPRegen 0.26/turn                (no ring)
MPRegen 0.09/turn                (no ring)

@: lethally poisoned (-2 -> -46), hasted and slowed
A: no striking features
a: Renounce Religion


You were on level 2 of the Dungeon.
You worshipped Xom.
You were a toy of Xom.
You visited 1 branch of the dungeon, and saw 3 of its levels.

You collected 110 gold pieces.

Inventory:

Hand Weapons
 a - a +0 spear of chaos (weapon)
Armour
 b - a +3 leather armour (worn)
 i - a +0 pair of gloves (worn)
Scrolls
 j - a scroll of poison
Potions
 e - a potion of magic {unknown}
 f - a potion of curing {unknown}
 g - a potion of attraction {unknown}
 k - a potion of cancellation {unknown}
 l - a potion of haste
Miscellaneous
 c - a piece from Xom's chessboard (15/15) (quivered)


   Skills:
 - Level 3.0 Fighting
 + Level 4.3 Polearms
 + Level 3.6 Armour
 - Level 1.0 Dodging


You had 4 spell levels left.
You didn't know any spells.
Your spell library contained the following spells:

 Spells                   Type           Power      Damage    Failure   Level
 Necrotise                Necr           0%         1d4       38%         1
 Slow                     Hex            0%         N/A       38%         1
 Confusing Touch          Hex            0%         N/A       77%         3
 Vampiric Draining        Necr           0%         2d6       77%         3
 Agony                    Necr           0%         N/A       100%        5


Dungeon Overview and Level Annotations

Branches:
Dungeon (3/15)

Altars:


Message History

The deep troll claws you.
The deep troll claws you but does no damage.
You're too confused to move!
The deep troll bites you but does no damage.
The deep troll claws you.
The deep troll claws you but does no damage.
You closely miss the deep troll. The deep troll completely misses you.
The deep troll claws you but does no damage. x2
You bump into the rock wall.
The deep troll closely misses you. x2
The deep troll claws you!
You bump into the rock wall.
The deep troll bites you but does no damage.
The deep troll claws you but does no damage. x2
You bump into the rock wall.
The deep troll closely misses you. The deep troll claws you.
The deep troll completely misses you.
You hit the deep troll.
The deep troll is lightly wounded.
The deep troll closely misses you. The deep troll claws you!
The deep troll claws you.
You hit the deep troll.
The deep troll is poisoned.
The deep troll is lightly wounded.
You feel less invigorated.
You feel less confused.
The deep troll changes into a death drake!
The death drake bites you but does no damage.
You climb upwards.
There is a stone staircase leading down here.
It was a potion of haste.
You feel yourself speed up. The death drake bites you.
You miss the death drake. The death drake breathes miasma at you.
The foul vapour engulfs you!!
You are lethally poisoned!
You feel yourself slow down.
* * * LOW HITPOINT WARNING * * *
You are engulfed in dark miasma.
You are more poisoned.
You feel as though you will be slow longer.
You die...
Xom giggles madly!

#.#.# #.# #.# #.#
#.#.#####.######.## #.#
#.................## #.#
###.######.###.....# #.#
#.######.##.#...### #.#
#.................########.#
########.##○#○.##..........#
#.###k#○#############
#..○○@○○# #######○#
######.### #........#
######### #.####.#.#
#.......# #.# #.#.#
#.#####.# #.# ##.#.#######
#.# #.# ##.###..........#
#.# ###.####.........#####.#


You could see a death drake shaped shifter (catching breath).

Vanquished Creatures
  2 gnolls (D:1)
  2 adders
  A worm (D:2)
  A dart slug (D:3)
  3 orcs (D:3)
  2 ball pythons
  5 bats
  5 endoplasms
  2 giant cockroaches
  8 goblins
  5 hobgoblins
  4 frilled lizards (D:1)
  4 kobolds
  4 rats
48 creatures vanquished.

Notes
Turn   | Place    | Note
-------+----------+-------------------------------------------
     0 | D:1      | Rrauwl the Human Chaos Knight began the quest for the Orb.
     0 | D:1      | Reached XP level 1. HP: 18/18 MP: 1/1
   212 | D:1      | XOM: silly message
   258 | D:1      | Reached XP level 2. HP: 15/24 MP: 2/2
   570 | D:1      | Reached XP level 3. HP: 27/29 MP: 3/3
   980 | D:2      | XOM: silly message
  1109 | D:2      | XOM: enchant monster (good)
  1114 | D:2      | Reached XP level 4. HP: 35/35 MP: 4/4
  1181 | D:2      | Reached skill level 4 in Polearms
  1293 | D:2      | XOM: cloud trail
  2032 | D:3      | XOM: 4-stop teleportation journey
  2083 | D:3      | XOM: 6-stop teleportation journey
  2113 | D:3      | XOM: scenery: 1 doors close
  2156 | D:3      | an orc changed into a shapeshifter
  2156 | D:3      | Noticed a shapeshifter (shapeshifter)
  2156 | D:3      | a shapeshifter changed into a deep troll
  2156 | D:3      | Noticed a deep troll (shapeshifter)
  2163 | D:2      | Reached XP level 5. HP: 17/41 MP: 5/5
  2280 | D:3      | a deep troll changed into a death drake
  2280 | D:3      | Noticed a death drake (shapeshifter)
  2285 | D:2      | Engulfed by a death drake (shapeshifter)'s foul pestilence

Illustrated notes

Levels and vault maps discovered:
D:1:      dpeg_arrival_concentric_ovals, layout_basic, minmay_tetromino_s4
D:2:      layout_loops_corners
D:3:      layout_basic, dreamdust_wishing_well, st_stairs_10

Skill      XL: |  1  2  3  4 |
---------------+-------------+-----
Armour         | 3 |  3.6
Polearms       | 4 |  4.3
Fighting       | |  3.0
Dodging        | |  1.0

Action                     |  1- 3 |  4- 6 || total
---------------------------+-------+-------++-------
  Melee: Spear             |    73 |    77 ||   150
         Punch             |     2 |       ||     2
    Use: Scroll            |     6 |     2 ||     8
         Potion            |       |     3 ||     3
   Stab: Paralysed         |     3 |       ||     3
         Sleeping          |     1 |     1 ||     2
 Armour: Leather armour    |    14 |    35 ||    49
  Dodge: Dodged            |    23 |    36 ||    59

Table legend: (Time is in decaauts)
 A = Elapsed time spent in this place.
 B = Non-inter-level travel time spent in this place.
 C = Inter-level travel time spent in this place.
 D = Time resting spent in this place.
 E = Time spent auto-exploring this place.
 F = Levels seen in this place.
 G = Mean time per level.
                   A        B        C        D        E       F      G
               +--------+--------+--------+--------+--------+-----+--------+
         Total |   2273 |   2224 |     49 |    127 |   1764 |   3 |  757.7 |
       Dungeon |   2273 |   2224 |     49 |    127 |   1764 |   3 |  757.7 |
               +--------+--------+--------+--------+--------+-----+--------+

Top non-repeatable levels by time:
     D:2: 989 daAuts
     D:1: 922 daAuts
     D:3: 361 daAuts
